 Dungeon Crawl Stone Soup version 0.20.0-7-g3b7b877 (webtiles) character file.

361 McKennaii the Chopper (level 6, -1/48 HPs)
             Began as a Demonspawn Abyssal Knight on May 29, 2017.
             Was a Priest of Lugonu.
             Slain by a mummy (10 damage)
             ... in an ossuary.
             The game lasted 00:05:51 (4010 turns).

McKennaii the Chopper (Demonspawn Abyssal Knight)   Turns: 4010, Time: 00:05:52

Health: -1/48      AC: 11    Str: 13    XL:     6   Next: 38%
Magic:  8/8        EV:  4    Int: 13    God:    Lugonu [***...]
Gold:   136        SH:  4    Dex: 20    Spells: 5/5 levels left

rFire    . . .     SeeInvis .   a - +1 hand axe
rCold    . . .     Gourm    .   n - +0 buckler
rNeg     . . .     Faith    .   k - +0 plate armour
rPois    .         Spirit   .   (helmet restricted)
rElec    .         Reflect  .   (no cloak)
rCorr    .         Harm     .   (no gloves)
MR       .....                  (no boots)
Stlth    ..........             (no amulet)
Regen    0.2/turn               b - +1 ring of evasion
MPRegen  0.2/turn               i - +6 ring of dexterity

@: no status effects
A: horns 1
a: Depart the Abyss, Bend Space, Banish, Renounce Religion


You were in an ossuary.
You worshipped Lugonu.
Lugonu was most pleased with you.
You were not hungry.

You visited 1 branch of the dungeon, and saw 5 of its levels.
You visited the Abyss 1 time.
You also visited: Ossuary.

You collected 136 gold pieces.

Inventory:

Hand Weapons
 a - a +1 hand axe (weapon)
Armour
 k - a +0 plate armour (worn)
 n - a +0 buckler (worn)
Jewellery
 b - a +1 ring of evasion (left hand)
 i - a +6 ring of dexterity (right hand)
Wands
 z - a wand of confusion (31/48)
Scrolls
 d - a scroll of blinking {unknown}
 e - 3 scrolls of identify
 g - 4 scrolls of remove curse {unknown}
 l - 4 scrolls of immolation {unknown}
 m - a scroll of random uselessness {unknown}
 o - a scroll of amnesia {unknown}
 r - a scroll of recharging {unknown}
 u - a scroll of noise {unknown}
 w - a scroll of magic mapping {unknown}
 x - a scroll of fear {unknown}
 y - a scroll of fog {unknown}
 C - a scroll of teleportation
Potions
 f - a potion of cancellation {unknown}
 j - a potion of flight
 p - a potion of haste {unknown}
 q - a potion of lignification {unknown}
 s - a potion of heal wounds
 t - a potion of degeneration {unknown}
 v - 2 potions of curing
 A - a potion of agility {unknown}
Comestibles
 c - 2 bread rations
 h - 4 royal jellies
 B - 3 chunks of flesh


   Skills:
 + Level 4.0 Fighting
 + Level 4.4 Axes
 + Level 3.3 Armour
 + Level 1.1 Dodging
 + Level 0.2 Stealth
 + Level 0.6 Shields
 + Level 2.8 Invocations


You had 5 spell levels left.
You didn't know any spells.

Dungeon Overview and Level Annotations

Branches:
Dungeon (5/15)             Temple (0/1) D:4

Altars:
Hepliaklqana
Kikubaaqudgha
Ru
Sif Muna
Trog
Uskayaw
Vehumet
The Shining One

Annotations:
D:3 Blork the orc Ossuary Angani's ghost, novice VSAs


Innate Abilities, Weirdness & Mutations

You have a pair of small horns on your head.


Message History

The mummy hits you.
You hit Angani's ghost but do no damage.
You hit the mummy but do no damage. You hit the mummy.
Angani's ghost hits you but does no damage.
You block the mummy's attack.
Your plate armour prevents you from hitting Angani's ghost.
You headbutt Angani's ghost.
Angani's ghost is lightly damaged.
You hit the mummy but do no damage. You hit the mummy. Angani's ghost hits you!
* * * LOW HITPOINT WARNING * * *
You block the mummy's attack. The mummy hits you but does no damage.
You closely miss Angani's ghost.
You headbutt Angani's ghost, but do no damage.
Angani's ghost is lightly damaged.
You hit the mummy but do no damage. You closely miss the mummy.
Angani's ghost completely misses you.
You hit the mummy.
The mummy is lightly damaged.
You hit the mummy but do no damage. x2; The mummy hits you!
You die...

..............
.............
...........
........#
..M...# #.ZW.#
#MMM.# #.@..#
#....# #....#
#....# #....#
#....# #.∩∩.#
######


You could see 4 mummies, Angani's ghost and a kobold zombie.

Vanquished Creatures
  A phantom (D:3)
  2 worker ants (D:4)
  A hound skeleton (D:3)
  8 adders
  A shadow imp (D:3)
  A worm zombie (D:5)
  4 dart slugs
  2 leopard geckos (D:3)
  21 orcs
  6 bats
  4 giant cockroaches
  A gnoll zombie (Ossuary)
  7 goblins
  5 hobgoblins
  12 jackals
  2 quokkas (D:2)
  3 ball pythons
  6 frilled lizards
  2 hobgoblin zombies
  7 kobolds
  3 kobold zombies (Ossuary)
  2 orc zombies (Ossuary)
  8 rats
109 creatures vanquished.

Notes
Turn   | Place    | Note
-------+----------+-------------------------------------------
     0 | Abyss:1  | McKennaii the Demonspawn Abyssal Knight began the quest for the Orb.
     0 | Abyss:1  | Reached XP level 1. HP: 18/18 MP: 2/2
    33 | Abyss:1  | Found a corrupted altar of Lugonu.
    72 | Abyss:2  | Noticed a large abomination
    98 | D:1      | Escaped the Abyss
   175 | D:1      | Gained mutation: You have a pair of small horns on your head. [demonic ancestry]
   175 | D:1      | Reached XP level 2. HP: 19/24 MP: 3/3
   265 | D:1      | Reached * piety under Lugonu
   725 | D:2      | Found a hazy altar of Hepliaklqana.
   797 | D:2      | Reached XP level 3. HP: 29/29 MP: 3/5
  1258 | D:2      | Reached XP level 4. HP: 23/37 MP: 6/6
  1438 | D:2      | Found a faded altar of an unknown god.
  1485 | D:3      | Reached skill level 1 in Dodging
  1729 | D:3      | Reached ** piety under Lugonu
  2086 | D:3      | Found a sacrificial altar of Ru.
  2262 | D:3      | Noticed a phantom
  2287 | D:3      | Killed a phantom
  2287 | D:3      | Reached XP level 5. HP: 31/42 MP: 7/7
  2538 | D:4      | Found a radiant altar of Vehumet.
  2570 | D:4      | Noticed a hippogriff
  3036 | D:4      | Found an ancient bone altar of Kikubaaqudgha.
  3037 | D:4      | Found a glowing golden altar of the Shining One.
  3038 | D:4      | Found a bloodstained altar of Trog.
  3038 | D:4      | Found a hide-covered altar of Uskayaw.
  3097 | D:4      | Reached XP level 6. HP: 48/48 MP: 8/8
  3442 | D:4      | Noticed Blork the orc
  3735 | D:4      | Found a staircase to the Ecumenical Temple.
  3861 | D:5      | Entered Level 5 of the Dungeon
  3887 | D:5      | Found a deep blue altar of Sif Muna.
  3972 | D:5      | Found a sand-covered staircase.
  3976 | D:5      | Reached *** piety under Lugonu
  3989 | Ossuary  | Entered an ossuary
  3999 | Ossuary  | Noticed Angani's ghost (novice VSAs)
  4010 | Ossuary  | Slain by a mummy

Skill      XL: |  1  2  3  4  5 |
---------------+----------------+-----
Armour         | 2 3 |  3.3
Axes           | 2 3 4 |  4.4
Dodging        | 1 |  1.1
Fighting       | 4 |  4.0
Stealth        | |  0.2
Shields        | |  0.6
Invocations    | |  2.8

Action                   |  1- 3 |  4- 6 || total
-------------------------+-------+-------++-------
Melee: Hand axe          |   103 |   257 ||   360
       Headbutt          |    12 |    54 ||    66
Invok: Depart the Abyss  |     1 |       ||     1
       Bend Space        |       |     4 ||     4
  Use: Potion            |       |     3 ||     3
       Scroll            |       |     3 ||     3
  Eat: Chunk             |     1 |     4 ||     5
       Meat ration       |       |     1 ||     1
Armor: Ring mail         |    30 |       ||    30
       Plate armour      |    39 |   198 ||   237
Dodge: Dodged            |    49 |    50 ||    99
Block: Buckler           |       |    49 ||    49
